 Dungeon Crawl Stone Soup version 0.27-a0-1434-g6f15984924 (webtiles) character file.

Game seed: 10159391925479188765

70 funkygono the Bolt Thrower (level 4, -1/27 HPs)
             Began as a Gargoyle Hunter on July 3, 2021.
             Slain by Grinder (3 damage)
             ... on level 3 of the Dungeon.
             The game lasted 00:05:08 (2047 turns).

funkygono the Bolt Thrower (Gargoyle Hunter)        Turns: 2047, Time: 00:05:09

Health: -1/27      AC:  8    Str: 17    XL:     4   Next: 21%
Magic:  4/4        EV: 11    Int: 11    God:
Gold:   65         SH:  0    Dex: 10    Spells: 3/3 levels left

rFire    . . .     SeeInvis .   a - +0 whip
rCold    . . .     Faith    .   (no shield)
rNeg     + . .     Spirit   .   c - +0 leather armour
rPois    ∞         Reflect  .   (no helmet)
rElec    +         Harm     .   h - +1 cloak
rCorr    .         Rampage  .   (no gloves)
Will     .....                  (no boots)
Stlth    ++........             (no amulet)
HPRegen  0.09/turn              (no ring)
MPRegen  0.09/turn              (no ring)

@: no status effects
A: sickness immunity, AC +3, negative energy resistance 1, electricity
resistance, torment resistance 1, petrification resistance
a: no special abilities


You were on level 3 of the Dungeon.
You visited 1 branch of the dungeon, and saw 3 of its levels.

You collected 65 gold pieces.

Inventory:

Hand Weapons
 a - a +0 whip (weapon)
 b - a +1 hand crossbow
 i - a +0 short sword
 w - a +0 club
Armour
 c - a +0 leather armour (worn)
 e - a +0 leather armour
 h - a +1 cloak (worn)
Magical Staves
 k - a staff of air
Wands
 n - a wand of digging (5)
Scrolls
 o - 2 scrolls of blinking
Potions
 l - a potion of magic
 m - a potion of brilliance


   Skills:
 + Level 2.6 Fighting
 + Level 0.1 Maces & Flails
 + Level 4.8 Crossbows
 + Level 1.0 Armour
 + Level 1.7 Dodging
 * Level 2.2 Stealth


You had 3 spell levels left.
You didn't know any spells.
Your spell library contained the following spells:

 Spells                   Type           Power      Damage    Failure   Level
 Summon Forest            Summ/Tloc      0%         N/A       100%        5
 Summon Mana Viper        Hex/Summ       0%         N/A       100%        5
 Shadow Creatures         Summ           N/A        N/A       100%        6


Dungeon Overview and Level Annotations

Branches:
Dungeon (3/15)

Altars:
Fedhas

Shops:
D:2 !

Annotations:
D:3 Grinder


Innate Abilities, Weirdness & Mutations

You are immune to sickness and miasma.
Your stone body is resilient. (AC +3)
You are immune to poison.
You resist negative energy. (rN+)
You are resistant to electric shocks. (rElec)
You are resistant to unholy torment.
You are immune to petrification.


Message History

Unknown command.
Unknown command.
a - a +0 whip (weapon)
Aiming: Dig
Press: ? - help, Shift-Dir - straight line, f - you, p - Grinder Please select a direction to dig.
Okay, then.
Grinder closely misses you.
You barely miss Grinder.
Grinder is almost dead.
Grinder gestures at you. Pain shoots through your body!
You hit Grinder.
Grinder is almost dead.
Grinder gestures at you.
You barely resist. You barely miss Grinder.
Grinder is almost dead.
Grinder hits you but does no damage.
You hit Grinder.
Grinder is almost dead.
Grinder gestures at you. Pain shoots through your body!
You barely miss Grinder.
Grinder is almost dead.
Grinder hits you but does no damage. Grinder hits you.
* * * LOW HITPOINT WARNING * * *
You writhe in agony.
* * * LOW HITPOINT WARNING * * *
You feel better. Grinder closely misses you.
You barely miss Grinder.
Grinder is almost dead.
Grinder says, "Tell me all your secrets, or I'll kill you."
Grinder hits you but does no damage.
You barely miss Grinder.
Grinder is almost dead.
Grinder hits you.
* * * LOW HITPOINT WARNING * * *
You writhe in agony.
You die...

.. .. #####.####
##...#....####
##..........#.+
#.............#
#..............# #
#...<........#..## #.
##..5@...........#+#..
##...................
##...(.....((...<§..
#....(.......h...##
#...............##.
#...^..(.....5h....
#.......((.<.......
#...............###
##..........h..##


You could see Grinder.

Vanquished Creatures
  An adder (D:2)
  2 worms (D:2)
  3 dart slugs
  4 ball pythons (D:2)
  6 endoplasms
  4 goblins
  4 hobgoblins (D:1)
  6 jackals (D:2)
  2 quokkas (D:1)
  5 bats
  4 frilled lizards
  2 kobolds
  3 rats (D:1)
46 creatures vanquished.

Notes
Turn   | Place    | Note
-------+----------+-------------------------------------------
     0 | D:1      | funkygono the Gargoyle Hunter began the quest for the Orb.
     0 | D:1      | Reached XP level 1. HP: 12/12 MP: 1/1
   152 | D:1      | Reached XP level 2. HP: 17/17 MP: 2/2
   270 | D:1      | Found a faded altar of an unknown god.
   720 | D:1      | Reached XP level 3. HP: 21/21 MP: 3/3
  1260 | D:2      | Found a blossoming altar of Fedhas.
  1279 | D:2      | Found Henum's Distillery.
  1302 | D:2      | Reached skill level 1 in Armour
  1311 | D:2      | Reached XP level 4. HP: 27/27 MP: 4/4
  1808 | D:3      | Noticed Grinder
  2047 | D:3      | Slain by Grinder

Illustrated notes

Levels and vault maps discovered:
D:1:      minmay_arrival_arboretum_small, layout_loops_corners,
          shapermc_ecumenical_altar_mp_ritualfount, minmay_misc_feat_rows
D:2:      layout_basic, serial_shops, shop, basic_altar
D:3:      layout_rooms, grunt_ministairs_15, uniq_ijyb, uniq_grinder

Skill      XL: |  1  2  3 |
---------------+----------+-----
Stealth        | 2 |  2.2
Armour         | 1 |  1.0
Fighting       | |  2.6
Maces & Flails | |  0.1
Crossbows      | |  4.8
Dodging        | |  1.7

Action                   |  1- 3 |  4- 6 || total
-------------------------+-------+-------++-------
Melee: Whip              |    15 |    36 ||    51
       Short sword       |     6 |       ||     6
 Fire: Hand crossbow     |    67 |    14 ||    81
  Use: Scroll            |     3 |     5 ||     8
       Potion            |       |     1 ||     1
Armor: Leather armour    |    17 |    36 ||    53
Dodge: Dodged            |    28 |    42 ||    70

Table legend: (Time is in decaauts)
 A = Elapsed time spent in this place.
 B = Non-inter-level travel time spent in this place.
 C = Inter-level travel time spent in this place.
 D = Time resting spent in this place.
 E = Time spent auto-exploring this place.
 F = Levels seen in this place.
 G = Mean time per level.
                   A        B        C        D        E       F      G
               +--------+--------+--------+--------+--------+-----+--------+
         Total |   2067 |   2044 |     23 |     63 |   1541 |   3 |  689.0 |
       Dungeon |   2067 |   2044 |     23 |     63 |   1541 |   3 |  689.0 |
               +--------+--------+--------+--------+--------+-----+--------+

Top non-repeatable levels by time:
     D:2: 1071 daAuts
     D:1: 948 daAuts
     D:3: 47 daAuts
